 Dungeon Crawl Stone Soup version 0.29.1-14-g9c671dbff4 (webtiles) character file.

Game seed: 2549897255617930430

74 wolfrpgdude the Slasher (level 4, 0/35 HPs)
             Began as a Human Fighter on Feb 15, 2023.
             Slain by a gnoll
             ... wielding a +0 club
              (4 damage)
             ... on level 2 of the Dungeon.
             The game lasted 00:03:11 (2075 turns).

wolfrpgdude the Slasher (Human Fighter)             Turns: 2075, Time: 00:03:11

Health: 0/35       AC:  6    Str: 18    XL:     4   Next: 52%
Magic:  4/4        EV:  9    Int:  8    God:
Gold:   147        SH:  5    Dex: 13    Spells: 3/3 levels left

rFire   . . .      SeeInvis .   a - +1 long sword
rCold   . . .      Faith    .   c - +0 buckler
rNeg    . . .      Spirit   .   b - +0 scale mail
rPois   .          Reflect  .   (no helmet)
rElec   .          Harm     .   (no cloak)
rCorr   .          Rampage  .   (no gloves)
Will    .....                   (no boots)
Stlth   ..........              (no amulet)
HPRegen 0.11/turn               (no ring)
MPRegen 0.09/turn               (no ring)

@: about to teleport
A: no striking features
a: no special abilities


You were on level 2 of the Dungeon.
You visited 1 branch of the dungeon, and saw 3 of its levels.

You collected 147 gold pieces.

Inventory:

Hand Weapons
 a - a +1 long sword (weapon)
Armour
 b - a +0 scale mail (worn)
 c - a +0 buckler (worn)
Wands
 i - a wand of acid (7)
Scrolls
 e - 5 scrolls of identify
Potions
 d - a potion of might
 f - a potion of flight
 h - a potion of invisibility


   Skills:
 + Level 3.1 Fighting
 + Level 3.6 Long Blades
 + Level 3.3 Armour
 + Level 3.3 Shields


You had 3 spell levels left.
You didn't know any spells.
Your spell library contained the following spells:

 Spells                   Type           Power      Damage    Failure   Level
 Slow                     Hex            0%         N/A       87%         1
 Confusing Touch          Hex            0%         N/A       99%         3
 Vampiric Draining        Necr           0%         2d6       99%         3


Dungeon Overview and Level Annotations

Branches:
Dungeon (3/15)

Altars:
Ashenzari


Message History

There is a stone staircase leading down here.
Okay, then.
Done exploring.
You climb downwards.
The gnoll shouts!
Found 7 gold pieces.
Found a stone staircase leading down.
There is a stone staircase leading up here. 2 gnolls come into view.
The gnoll shouts! x2
You hit the gnoll.
The gnoll is lightly wounded.
The gnoll hits you but does no damage. The gnoll hits you with a +0 whip.
You closely miss the gnoll.
The gnoll is lightly wounded.
The gnoll hits you from afar with a +0 spear.
The gnoll closely misses you. The gnoll attacks as you move away!
The gnoll closely misses you.
There is a stone staircase leading up here.
The gnoll misses you. The gnoll closely misses you.
You climb upwards.
There is a stone staircase leading down here.
You hit the gnoll but do no damage.
The gnoll is lightly wounded.
The gnoll barely misses you. The gnoll hits you with a +0 whip.
You completely miss the gnoll.
The gnoll is lightly wounded.
The gnoll hits you with a +0 club. The gnoll hits you with a +0 whip.
The gnoll hits you with a +0 club. You block the gnoll's attack.
You closely miss the gnoll.
The gnoll is lightly wounded.
You block the gnoll's attack. The gnoll hits you with a +0 whip.
* * * LOW HITPOINT WARNING * * *
You barely miss the gnoll.
The gnoll is lightly wounded.
The gnoll hits you with a +0 club.
* * * LOW HITPOINT WARNING * * *
You block the gnoll's attack.
As you read the scroll of teleportation, it crumbles to dust.
You feel strangely unstable. The gnoll hits you with a +0 club.
You die...

#........# #.######.### #.#
#....# #.# #..#.# #.# #..#.# #.#
#..#.# ###.# #..#.#
##########...#####[.#[#
...............g@#..#.# #####
#########!..####g#..#.#######....
###..).#####.###.).....#..##.
###...##.#.................#...
##...####.#..<#.##.......###..##
##..### #....##.#....._......##
...## #....+..#.#.......#### ...#
#....####........## ..## #....#
#<#....###


You could see 2 gnolls.

Vanquished Creatures
  3 adders (D:2)
  A worm (D:2)
  An orc (D:2)
  7 ball pythons
  7 endoplasms
  A giant cockroach (D:2)
  3 goblins (D:2)
  4 hobgoblins
  2 bats (D:2)
  3 frilled lizards (D:1)
  3 kobolds (D:2)
  4 rats
39 creatures vanquished.

Notes
Turn   | Place    | Note
-------+----------+-------------------------------------------
     0 | D:1      | wolfrpgdude the Human Fighter began the quest for the Orb.
     0 | D:1      | Reached XP level 1. HP: 18/18 MP: 1/1
    56 | D:1      | Reached XP level 2. HP: 11/24 MP: 2/2
   963 | D:1      | Reached XP level 3. HP: 28/29 MP: 3/3
  1572 | D:2      | Reached XP level 4. HP: 35/35 MP: 4/4
  1588 | D:2      | Found a broken altar of Ashenzari.
  2075 | D:2      | Slain by a gnoll

Illustrated notes

Levels and vault maps discovered:
D:1:      mrwooster_arrival_statue_2, layout_basic, minmay_pentomino_v4
D:2:      layout_basic, basic_altar
D:3:      layout_basic, minitemple, zin_academy,
          hellmonk_ecumenical_altar_heavens_door

Skill      XL: |  1  2  3 |
---------------+----------+-----
Long Blades    | 3 |  3.6
Fighting       | |  3.1
Armour         | |  3.3
Shields        | |  3.3

Action                   |  1- 3 |  4- 6 || total
-------------------------+-------+-------++-------
Melee: Long sword        |    88 |    31 ||   119
  Use: Scroll            |     7 |     4 ||    11
Armor: Scale mail        |    41 |    10 ||    51
Dodge: Dodged            |    29 |    18 ||    47
Block: Buckler           |    16 |     9 ||    25
